MID
QUAD CITIES RIVER BANDITS @ LAKE COUNTY CAPTAINS
07/18/2047
 
TOP OF THE 1ST
Quad Cities River Bandits batting - Pitching for Lake County Captains : RHP Yuri Bijleveld
Pitching: RHP Yuri Bijleveld
Batting: RHB Reginald McDougall 0-0: Ball
1-0: Ball
2-0: Called Strike
2-1: Swinging Strike
2-2: Ground out 4-3 (Groundball, 4, EV 91.2 MPH)
Batting: LHB Danny Wolver 0-0: Foul Ball, location: 2F
0-1: Ground out 6-3 (Groundball, 6D, EV 102.5 MPH)
Batting: RHB Marty King 0-0: Foul Ball, location: 2F
0-1: Ball
1-1: Called Strike
1-2: Ball
2-2: Fly out, F8 (Flyball, 78M, EV 93.8 MPH)
Top of the 1st over - 0 runs, 0 hits, 0 errors, 0 left on base; Quad Cities 0 - Lake County 0
BOTTOM OF THE 1ST
Lake County Captains batting - Pitching for Quad Cities River Bandits : RHP Hector Carrillo
Pitching: RHP Hector Carrillo
Batting: LHB Tetsuya Oba 0-0: Ball
1-0: Ball
2-0: Swinging Strike
2-1: Swinging Strike
2-2: Foul Ball, location: 2F
2-2: Ball
3-2: Foul Ball, location: 2F
3-2: Foul Ball, location: 3F, Error on foul ball, E3
3-2: SINGLE (Flyball, 89S, EV 90.6 MPH)
Batting: RHB Chris Fitzgerald 0-0: Swinging Strike
Tetsuya Oba steals 2nd base
0-1: Fly out, F8 (Flyball, 78M, EV 85.6 MPH)
Batting: RHB Ricky Deen 0-0: Ball
1-0: Ball
2-0: Ball
3-0: Base on Balls
Batting: RHB Ernest Olkowicz 0-0: Ball
1-0: Swinging Strike
1-1: Foul Ball, location: 2F
1-2: Ball
2-2: Ball
3-2: Base on Balls
Tetsuya Oba to third
Ricky Deen to second
Batting: LHB Jeff Palmowski 0-0: Foul Ball, location: 2F
0-1: Ball
1-1: Fielders Choice at 2nd, 3-6 (Groundball, 34S, EV 85.6 MPH)
Tetsuya Oba scores
Ricky Deen to third
Batting: SHB Jarrod Lindblad 0-0: Called Strike
0-1: Foul Ball, location: 2F
0-2: Ball
1-2: Ball
2-2: Ball
3-2: Foul Ball, location: 2F
3-2: Base on Balls
Jeff Palmowski to second
Batting: RHB Joeri Plas 0-0: Ball
1-0: Ball
2-0: Called Strike
2-1: Fielders Choice at 2nd, 6-4 (Groundball, 56, EV 89.4 MPH)
Bottom of the 1st over - 1 run, 1 hit, 1 error, 3 left on base; Quad Cities 0 - Lake County 1
TOP OF THE 2ND
Quad Cities River Bandits batting - Pitching for Lake County Captains : RHP Yuri Bijleveld
Batting: RHB Matthew Adams 0-0: Called Strike
0-1: Ball
1-1: SINGLE (Groundball, 6MD, EV 104.4 MPH)
Batting: SHB Danny Jensen 0-0: Ball
1-0: Ball
2-0: Called Strike
Balk!
Matthew Adams to second
2-1: Foul Ball, location: 2F
2-2: Foul Ball, location: 2F
2-2: SINGLE (Groundball, 5D, EV 102.5 MPH)
Matthew Adams to third
Runner from 3rd tries for Home, SAFE, throw by LF to home
Danny Jensen to second
Batting: RHB Adrian Martinelli 0-0: Ball
1-0: Ground out 6-3 (Groundball, 6D, EV 79.4 MPH)
Batting: RHB Alex Campos 0-0: Ball
1-0: Called Strike
1-1: Ball
2-1: Called Strike
2-2: Strikes out swinging
Batting: RHB Erik Smith 0-0: Called Strike
0-1: Ball
1-1: Swinging Strike
1-2: Ground out 6-3 (Groundball, 56, EV 83.1 MPH)
Top of the 2nd over - 1 run, 2 hits, 0 errors, 1 left on base; Quad Cities 1 - Lake County 1
BOTTOM OF THE 2ND
Lake County Captains batting - Pitching for Quad Cities River Bandits : RHP Hector Carrillo
Batting: LHB Brandon Hopper 0-0: Fly out, F9 (Flyball, 9LM, EV 92.5 MPH)
Batting: RHB John Shaffer 0-0: Ball
1-0: Swinging Strike
1-1: Called Strike
1-2: Reached on error, E5 (Groundball, 56, EV 82.5 MPH)
Batting: LHB Tetsuya Oba 0-0: Ball
1-0: Called Strike
1-1: Ball
2-1: Ball
3-1: Base on Balls
John Shaffer to second
Batting: RHB Chris Fitzgerald 0-0: Ball
1-0: Called Strike
1-1: Foul Ball, location: 2F
1-2: Strikes out swinging
Batting: RHB Ricky Deen 0-0: Ball
1-0: Ball
2-0: Called Strike
2-1: Foul Ball, location: 2F
2-2: Ball
3-2: DOUBLE (Line Drive, 78D, EV 106.2 MPH)
John Shaffer scores
Tetsuya Oba to third
Tetsuya Oba scores
Batting: RHB Ernest Olkowicz 0-0: Called Strike
0-1: Ball
1-1: Ball
2-1: Foul Ball, location: 2F
2-2: Fly out, F7 (Flyball, 7S, EV 77.5 MPH)
Bottom of the 2nd over - 2 runs, 1 hit, 1 error, 1 left on base; Quad Cities 1 - Lake County 3
TOP OF THE 3RD
Quad Cities River Bandits batting - Pitching for Lake County Captains : RHP Yuri Bijleveld
Batting: RHB Kieron Clark 0-0: Ball
1-0: Foul Ball, location: 2F
1-1: Called Strike
1-2: Ground out 5-3 (Groundball, 56S, EV 85.6 MPH)
Batting: RHB Reginald McDougall 0-0: Called Strike
0-1: Called Strike
0-2: Ball
1-2: Ground out 4-3 (Groundball, 4, EV 98.1 MPH)
Batting: LHB Danny Wolver 0-0: Ball
1-0: Foul Ball, location: 2F
1-1: Ball
2-1: Ball
3-1: Foul Ball, location: 2F
3-2: Foul Ball, location: 2F
3-2: Base on Balls
Batting: RHB Marty King 0-0: Ball
1-0: SINGLE (Groundball, 6MD, EV 94.4 MPH)
Danny Wolver to second
Runner from 2nd tries for 3rd, SAFE, throw by CF made to third
Batting: RHB Matthew Adams 0-0: Ball
1-0: Called Strike
1-1: Fielders Choice at 2nd, 6-4 (Groundball, 6, EV 90.6 MPH)
Top of the 3rd over - 0 runs, 1 hit, 0 errors, 2 left on base; Quad Cities 1 - Lake County 3
BOTTOM OF THE 3RD
Lake County Captains batting - Pitching for Quad Cities River Bandits : RHP Hector Carrillo
Batting: LHB Jeff Palmowski 0-0: Swinging Strike
0-1: Foul Ball, location: 2F
0-2: Ball
1-2: Foul Ball, location: 2F
1-2: Foul Ball, location: 2F
1-2: Strikes out looking
Batting: SHB Jarrod Lindblad 0-0: Foul Ball, location: 2F
0-1: Ball
1-1: Swinging Strike
1-2: Foul Ball, location: 2F
1-2: Ball
2-2: Ball
3-2: Fly out, F8 (Flyball, 8RD, EV 98.1 MPH)
Batting: RHB Joeri Plas 0-0: Ball
1-0: SOLO HOME RUN (Flyball, 7LD, EV 96.2 MPH), Distance : 369 ft
Batting: LHB Brandon Hopper 0-0: Ball
1-0: Called Strike
1-1: Hit by Pitch
Batting: RHB John Shaffer 0-0: Called Strike
Brandon Hopper is caught stealing 2nd base 2-4
Bottom of the 3rd over - 1 run, 1 hit, 0 errors, 0 left on base; Quad Cities 1 - Lake County 4
TOP OF THE 4TH
Quad Cities River Bandits batting - Pitching for Lake County Captains : RHP Yuri Bijleveld
Batting: SHB Danny Jensen 0-0: Called Strike
0-1: Swinging Strike
0-2: Foul Ball, location: 2F
0-2: Foul Ball, location: 2F
0-2: Ball
1-2: SINGLE (Groundball, 34D, EV 96.2 MPH)
Batting: RHB Adrian Martinelli 0-0: Ball
1-0: Ball
2-0: Foul Ball, location: 2F
2-1: Swinging Strike
2-2: Foul Ball, location: 2F
2-2: Ball
3-2: Foul Ball, location: 2F
3-2: Fielders Choice at 2nd, 5-4 (Groundball, 56, EV 105.0 MPH)
Batting: RHB Alex Campos 0-0: Called Strike
0-1: Ball
1-1: Called Strike
1-2: Ball
2-2: Ball
3-2: Strikes out looking
Batting: RHB Erik Smith 0-0: Ball
1-0: Ball
2-0: Foul Ball, location: 2F
2-1: Foul Ball, location: 2F
2-2: Reached on error, E2 (Groundball, 2R, EV 66.9 MPH)
Adrian Martinelli to second
Batting: RHB Kieron Clark 0-0: Ball
1-0: Ball
2-0: Ball
3-0: Base on Balls
Adrian Martinelli to third
Erik Smith to second
Batting: RHB Reginald McDougall 0-0: Ball
Wild Pitch!
Adrian Martinelli scores
Erik Smith to third
Kieron Clark to second
1-0: Swinging Strike
1-1: Called Strike
1-2: Ball
2-2: Strikes out looking
Top of the 4th over - 1 run, 1 hit, 1 error, 2 left on base; Quad Cities 2 - Lake County 4
BOTTOM OF THE 4TH
Lake County Captains batting - Pitching for Quad Cities River Bandits : RHP Hector Carrillo
Batting: RHB John Shaffer 0-0: Foul Ball, location: 2F
0-1: Ball
1-1: Ball
2-1: Swinging Strike
2-2: Foul Ball, location: 2F
2-2: Ball
3-2: Foul Ball, location: 2F
3-2: Base on Balls
Batting: LHB Tetsuya Oba 0-0: Called Strike
0-1: Ball
1-1: Ball
2-1: Ball
3-1: SINGLE (Groundball, 4MD, EV 103.8 MPH)
John Shaffer to second
Batting: RHB Chris Fitzgerald 0-0: Fly out, F8 (Flyball, 89S, EV 89.4 MPH)
Batting: RHB Ricky Deen 0-0: Called Strike
0-1: Ball
1-1: Foul Ball, location: 2F
1-2: Strikes out looking
Batting: RHB Ernest Olkowicz 0-0: Foul Ball, location: 2F
0-1: Ball
1-1: TRIPLE (Line Drive, 8LXD, EV 104.4 MPH)
John Shaffer scores
Tetsuya Oba scores
Pitching: LHP Francisco de la Torre
Batting: LHB Jeff Palmowski 0-0: Swinging Strike
0-1: Swinging Strike
0-2: Ball
1-2: Foul Ball, location: 2F
1-2: Foul Ball, location: 2F
1-2: Ball
2-2: Foul Ball, location: 2F
2-2: Foul Ball, location: 2F
2-2: Strikes out swinging
Bottom of the 4th over - 2 runs, 2 hits, 0 errors, 1 left on base; Quad Cities 2 - Lake County 6
TOP OF THE 5TH
Quad Cities River Bandits batting - Pitching for Lake County Captains : RHP Yuri Bijleveld
Batting: LHB Danny Wolver 0-0: Called Strike
0-1: Fly out, F8 (Flyball, 78D, EV 78.1 MPH)
Batting: RHB Marty King 0-0: Ground out 6-3 (Groundball, 6, EV 90.0 MPH)
Batting: RHB Matthew Adams 0-0: SINGLE (Groundball, 56, EV 103.1 MPH) (infield hit)
Batting: SHB Danny Jensen 0-0: Ball
1-0: Ball
2-0: Ball
3-0: Called Strike
3-1: Called Strike
3-2: Ground out 6-3 (Groundball, 6, EV 85.0 MPH)
Top of the 5th over - 0 runs, 1 hit, 0 errors, 1 left on base; Quad Cities 2 - Lake County 6
BOTTOM OF THE 5TH
Lake County Captains batting - Pitching for Quad Cities River Bandits : LHP Francisco de la Torre
Batting: SHB Jarrod Lindblad 0-0: Ball
1-0: Foul Ball, location: 2F
1-1: Foul Ball, location: 2F
1-2: Strikes out swinging
Batting: RHB Joeri Plas 0-0: Fly out, F8 (Flyball, 8LD, EV 103.8 MPH)
Batting: LHB Brandon Hopper 0-0: Fly out, F9 (Flyball, 89S, EV 83.8 MPH)
Bottom of the 5th over - 0 runs, 0 hits, 0 errors, 0 left on base; Quad Cities 2 - Lake County 6
TOP OF THE 6TH
Quad Cities River Bandits batting - Pitching for Lake County Captains : RHP Yuri Bijleveld
Batting: RHB Adrian Martinelli 0-0: Ball
1-0: Called Strike
1-1: Ball
2-1: Swinging Strike
2-2: Foul Ball, location: 2F
2-2: Ball
3-2: Strikes out swinging
Pitching: RHP Kevin Prior
Batting: RHB Alex Campos 0-0: Called Strike
0-1: Called Strike
0-2: Strikes out swinging
Batting: RHB Erik Smith 0-0: SINGLE (Groundball, 5S, EV 69.4 MPH) (infield hit)
Batting: RHB Kieron Clark 0-0: SINGLE (Groundball, 34D, EV 95.0 MPH)
Erik Smith to second
Runner from 2nd tries for 3rd, SAFE, throw by RF made to third
Now in RF: John Shults
Batting: RHB Reginald McDougall 0-0: Swinging Strike
0-1: Ball
1-1: Foul Ball, location: 2F
1-2: Ball
2-2: DOUBLE (Groundball, 3L, EV 105.0 MPH)
Erik Smith scores
Kieron Clark to third
Runner from 3rd tries for Home, SAFE, no throw by RF
Batting: LHB Danny Wolver 0-0: Ball
1-0: Ground out 5-3 (Groundball, 56, EV 93.8 MPH)
Top of the 6th over - 2 runs, 3 hits, 0 errors, 1 left on base; Quad Cities 4 - Lake County 6
BOTTOM OF THE 6TH
Lake County Captains batting - Pitching for Quad Cities River Bandits : LHP Francisco de la Torre
Batting: RHB John Shaffer 0-0: Called Strike
0-1: Foul Ball, location: 2F
0-2: Ball
1-2: Ball
2-2: Strikes out looking
Pitching: RHP Malachi Shelton
Batting: LHB Tetsuya Oba 0-0: Ball
1-0: Ball
2-0: Foul Ball, location: 2F
2-1: SOLO HOME RUN (Flyball, 89XD, EV 102.5 MPH), Distance : 416 ft
Batting: RHB Chris Fitzgerald 0-0: Called Strike
0-1: Ball
1-1: Foul Ball, location: 2F
1-2: Ball
2-2: SINGLE (Groundball, 5S, EV 70.6 MPH) (infield hit)
Batting: RHB Ricky Deen 0-0: Foul Ball, location: 2F
0-1: Foul Ball, location: 2F
0-2: Foul Ball, location: 2F
0-2: Ball
1-2: Foul Ball, location: 2F
1-2: Strikes out swinging
Batting: RHB Ernest Olkowicz 0-0: Called Strike
0-1: Ball
1-1: Ball
Chris Fitzgerald is caught stealing 2nd base 2-4
Bottom of the 6th over - 1 run, 2 hits, 0 errors, 0 left on base; Quad Cities 4 - Lake County 7
TOP OF THE 7TH
Quad Cities River Bandits batting - Pitching for Lake County Captains : RHP Kevin Prior
Batting: RHB Marty King 0-0: Foul Ball, location: 2F
0-1: Foul Ball, location: 2F
0-2: Ball
1-2: Foul Ball, location: 2F
1-2: Ball
2-2: Ground out 4-3 (Groundball, 4M, EV 104.4 MPH)
Batting: RHB Matthew Adams 0-0: Ball
1-0: Ground out 5-3 (Groundball, 56, EV 84.4 MPH)
Batting: SHB Danny Jensen 0-0: Foul Ball, location: 2F
0-1: Ball
1-1: Fly out, F7 (Flyball, 7LD, EV 99.4 MPH)
Top of the 7th over - 0 runs, 0 hits, 0 errors, 0 left on base; Quad Cities 4 - Lake County 7
BOTTOM OF THE 7TH
Lake County Captains batting - Pitching for Quad Cities River Bandits : RHP Malachi Shelton
Pitching: LHP T.J. Westover
Batting: RHB Ernest Olkowicz 0-0: Ball
1-0: Ball
2-0: Called Strike
2-1: Ground out 6-3 (Groundball, 6, EV 87.5 MPH)
Batting: LHB John Shults 0-0: Ball
1-0: Foul Ball, location: 2F
1-1: Ball
2-1: Called Strike
2-2: Ball
3-2: Foul Ball, location: 2F
3-2: Foul Ball, location: 2F
3-2: Base on Balls
Batting: SHB Jarrod Lindblad 0-0: Ball
1-0: Called Strike
1-1: Ball
2-1: Ball
3-1: Swinging Strike
3-2: Base on Balls
John Shults to second
Pitching: RHP Aaron Shapiro
Batting: RHB Joeri Plas 0-0: Called Strike
0-1: SINGLE (Groundball, 4MD, EV 100.6 MPH)
John Shults to third
Jarrod Lindblad to second
Runner from 3rd tries for Home, SAFE, throw by CF to home
Batting: LHB Brandon Hopper 0-0: Foul Ball, location: 2F
0-1: Called Strike
0-2: Ball
1-2: Foul Ball, location: 2F
1-2: Reached on error, E5 (Groundball, 5, EV 87.5 MPH)
Jarrod Lindblad to third
Joeri Plas to second
Batting: RHB John Shaffer 0-0: Called Strike
0-1: Foul Ball, location: 2F
0-2: Ball
1-2: Foul Ball, location: 2F
1-2: Ball
2-2: Ball
3-2: Foul Ball, location: 2F
3-2: Reached on error, E6 (Groundball, 56, EV 83.8 MPH)
Jarrod Lindblad scores
Joeri Plas to third
Brandon Hopper to second
Batting: LHB Tetsuya Oba 0-0: Ball
1-0: Ball
2-0: Called Strike
2-1: Ball
3-1: Base on Balls
Joeri Plas scores
Brandon Hopper to third
John Shaffer to second
Batting: RHB Chris Fitzgerald 0-0: Ball
1-0: Ball
2-0: Foul Ball, location: 2F
2-1: Ball
3-1: Base on Balls
Brandon Hopper scores
John Shaffer to third
Tetsuya Oba to second
Batting: RHB Ricky Deen 0-0: Called Strike
0-1: Ball
1-1: Foul Ball, location: 2F
1-2: Ball
2-2: Ball
3-2: Base on Balls
John Shaffer scores
Tetsuya Oba to third
Chris Fitzgerald to second
Batting: RHB Ernest Olkowicz 0-0: Ball
1-0: Foul Ball, location: 2F
1-1: Called Strike
1-2: Foul Ball, location: 2F
1-2: DOUBLE (Line Drive, 7LD, EV 103.8 MPH)
Tetsuya Oba scores
Chris Fitzgerald scores
Ricky Deen to third
Runner from 3rd tries for Home, SAFE, no throw by LF
Pitching: RHP Yoshitoshi Mori
Batting: LHB John Shults 0-0: Ball
1-0: Ball
2-0: Foul Ball, location: 2F
2-1: Ground out 5-3 (Groundball, 5, EV 85.6 MPH)
Batting: SHB Jarrod Lindblad 0-0: Called Strike
0-1: Ground out 5-3 (Groundball, 15, EV 85.6 MPH)
Bottom of the 7th over - 8 runs, 2 hits, 2 errors, 1 left on base; Quad Cities 4 - Lake County 15
TOP OF THE 8TH
Quad Cities River Bandits batting - Pitching for Lake County Captains : RHP Kevin Prior
Batting: RHB Adrian Martinelli 0-0: Ground out 5-3 (Groundball, 5S, EV 88.1 MPH)
Batting: RHB Alex Campos 0-0: Ball
1-0: Foul Ball, location: 2F
1-1: Ground out 6-3 (Groundball, 6MD, EV 103.8 MPH)
Batting: RHB Erik Smith 0-0: Ball
1-0: Ball
2-0: Foul Ball, location: 2F
2-1: Ball
3-1: Base on Balls
Batting: RHB Kieron Clark 0-0: Called Strike
0-1: Called Strike
0-2: Strikes out swinging
Top of the 8th over - 0 runs, 0 hits, 0 errors, 1 left on base; Quad Cities 4 - Lake County 15
BOTTOM OF THE 8TH
Lake County Captains batting - Pitching for Quad Cities River Bandits : RHP Yoshitoshi Mori
Batting: RHB Joeri Plas 0-0: Ball
1-0: Ball
2-0: Ball
3-0: Foul Ball, location: 2F
3-1: Called Strike
3-2: Fly out, F8 (Flyball, 8RXD, EV 105.0 MPH)
Batting: LHB Brandon Hopper 0-0: Ball
1-0: Ball
2-0: Called Strike
2-1: Foul Ball, location: 2F
2-2: Ball
3-2: Strikes out swinging
Batting: RHB John Shaffer 0-0: SOLO HOME RUN (Flyball, 7LD, EV 96.2 MPH), Distance : 364 ft
Batting: LHB Tetsuya Oba 0-0: Foul Ball, location: 2F
0-1: Foul Ball, location: 2F
0-2: Ball
1-2: Foul Ball, location: 2F
1-2: Fly out, F8 (Flyball, 8LD, EV 106.2 MPH)
Bottom of the 8th over - 1 run, 1 hit, 0 errors, 0 left on base; Quad Cities 4 - Lake County 16
TOP OF THE 9TH
Quad Cities River Bandits batting - Pitching for Lake County Captains : RHP Kevin Prior
Batting: RHB Reginald McDougall 0-0: Called Strike
0-1: Ball
1-1: Ball
2-1: Ball
3-1: Foul Ball, location: 2F
3-2: Strikes out swinging
Batting: LHB Danny Wolver 0-0: Ball
1-0: Ball
2-0: Ball
3-0: Base on Balls
Batting: RHB Marty King 0-0: Ball
1-0: Reached on error, E8 (Flyball, 89D, EV 90.6 MPH)
Danny Wolver to second
Pinch Hitting: LHB Mike Staley 0-0: Called Strike
0-1: Swinging Strike
0-2: Strikes out looking
Batting: SHB Danny Jensen 0-0: Swinging Strike
0-1: Called Strike
0-2: Strikes out swinging
Top of the 9th over - 0 runs, 0 hits, 1 error, 2 left on base; Quad Cities 4 - Lake County 16
Thursday, December 15th , 2022 - OOTP Baseball 23.9 Build 102